Map: Prion Terraces

Players

Burt

  • Race: Terran Terran
  • League: Platinum

LightViolet - Winner!

  • Race: Protoss Protoss
  • League: Silver

VOD

Have the link to the VOD?

Description

Time

  • Played on: Nov. 18, 2015, 2:25 a.m.
  • Length: 11:04
Show
View Real Time Build Order
Export as new Build Order

Burt Terran 

Build Orders:  

Get SALT Encoding   

  12  0:01  SCV  
  13  0:13  SCV  
  14  0:17  Supply Depot  
  14  0:25  SCV  
  15  0:39  SCV  
  15  0:40  Barracks  
  16  0:46  Refinery  
  16  0:54  SCV  
  17  1:06  SCV  
  18  1:27  Marine  
  18  1:28  Supply Depot, Orbital Command  
  19  1:32  Refinery  
  19  1:45  Marine  
  20  2:05  SCV, Factory  
  21  2:17  Barracks Reactor, SCV  
  22  2:29  SCV  
  23  2:42  SCV  
  24  2:49  Factory Tech Lab  
  24  2:50  Starport  
  24  2:55  Marine x2  
  24  2:57  SCV  
  27  2:59  Supply Depot  
  27  3:01  Engineering Bay  
  27  3:09  SCV, Siege Tank  
  31  3:20  Marine x2  
  31  3:21  SCV  
  34  3:30  Missile Turret  
  34  3:31  Starport Tech Lab  
  34  3:33  SCV  
  35  3:36  Supply Depot  
  35  3:39  Marine x2  
  37  3:52  SCV  
  38  3:57  Marine x2  
  38  3:58  Siege Tank  
  38  3:59  Supply Depot  
  38  4:00  Raven  
  45  4:06  SCV  
  46  4:14  Marine  
  47  4:21  SCV, Supply Depot, Marine  
  49  4:32  Marine  
  49  4:33  SCV, Siege Tank  
  54  4:38  Marine  
  54  4:44  Supply Depot  
  55  4:52  Ghost Academy  
  55  5:05  Siege Tank  
  58  5:19  SCV  
  59  5:26  Ghost  
  61  5:44  Command Center  
  61  5:55  Medivac  
  61  5:56  Ghost  
  63  5:59  SCV  
  63  6:01  Supply Depot  
  66  6:11  SCV  
  67  6:12  Nuke  
  67  6:19  Command Center  
  67  6:24  SCV  
  67  6:25  Missile Turret  
  68  6:29  Hellion  
  70  6:37  Banshee  
  73  6:42  Marine  
  74  6:57  Hellion x2  
  74  7:00  Marauder  
  80  7:01  SCV  
  80  7:21  Ghost  
  59  7:47  Hellion x2  
  67  7:58  Ghost  
  65  8:08  Hellion  
  65  8:10  Hellion  
  65  8:11  SCV  
  70  8:14  Orbital Command  
  70  8:23  SCV  
  71  8:29  Hellion  
  71  8:31  Medivac  
  75  8:36  Marauder  
  77  8:45  SCV x2  
  79  8:49  Orbital Command  
  79  8:53  Hellion x2  
  83  8:57  SCV  
  81  9:04  Barracks  
  79  9:13  SCV x2  
  79  9:15  SCV  
  82  9:18  Marine  
  82  9:20  Hellion x2  
  87  9:25  SCV x2  
  87  9:27  SCV  
  87  9:28  Refinery  
  87  9:29  Missile Turret  
  87  9:30  Refinery  
  90  9:36  Marine  
  90  9:37  SCV x2  
  63  10:24  Marine  
  63  10:25  Hellion  
  63  10:26  Hellion  
  66  10:34  SCV x3  
  69  10:42  Marine  
  70  10:44  Missile Turret x2  
  70  10:45  Missile Turret  
  70  10:46  SCV x3  
Show
View Real Time Build Order
Export as new Build Order

LightViolet Protoss - Winner!

Build Orders: Dark Templar Rush 

Get SALT Encoding   

  12  0:01  Probe (Chrono Boost)  
  13  0:14  Pylon  
  13  0:29  Assimilator  
  13  0:44  Gateway, Probe (Chrono Boost)  
  13  0:49  Assimilator  
  14  0:56  Pylon  
  14  0:59  Probe (Chrono Boost)  
  15  1:13  Probe (Chrono Boost)  
  16  1:24  Probe (Chrono Boost)  
  17  1:32  Cybernetics Core  
  17  1:35  Probe (Chrono Boost)  
  18  1:50  Pylon  
  18  1:53  Probe (Chrono Boost)  
  18  2:09  Twilight Council  
  20  2:15  Mothership Core (Chrono Boost)  
  20  2:27  Stalker  
  22  2:33  Warp Gate (Chrono Boost)  
  22  2:36  Probe (Chrono Boost)  
  23  2:52  Dark Shrine  
  23  3:05  Gateway  
  23  3:25  Gateway  
  23  3:27  Probe (Chrono Boost)  
  23  3:37  Probe (Chrono Boost)  
  24  3:48  Probe  
  25  4:00  Probe  
  26  4:16  Probe  
  27  4:20  Nexus  
  27  4:31  Dark Templar x2  
  31  4:40  Dark Templar  
  33  4:49  Probe  
  34  4:53  Pylon  
  34  5:16  Resonating Glaives  
  34  5:18  Adept  
  34  5:19  Adept x2  
  40  5:22  Probe (Chrono Boost)  
  41  5:33  Probe (Chrono Boost)  
  41  5:35  Probe (Chrono Boost), Pylon  
  43  5:53  Adept x3  
  49  5:57  Probe (Chrono Boost)  
  49  6:00  Probe (Chrono Boost)  
  51  6:08  Probe (Chrono Boost)  
  52  6:21  Probe (Chrono Boost)  
  52  6:22  Adept x2  
  52  6:23  Adept  
  59  6:32  Pylon  
  59  6:37  Pylon  
  58  6:51  Adept  
  58  6:52  Adept x2  
  64  6:58  Gateway  
  64  7:05  Probe (Chrono Boost)  
  45  7:42  Adept  
  45  7:43  Adept x2  
  41  7:46  Probe (Chrono Boost)  
  41  7:49  Gateway  
  38  7:57  Adept  
  40  8:00  Probe (Chrono Boost)  
  40  8:04  Pylon  
  41  8:05  Adept  
  41  8:06  Adept x2  
  41  8:07  Probe (Chrono Boost)  
  48  8:12  Assimilator  
  48  8:14  Gateway  
  48  8:19  Forge  
  48  8:22  Adept  
  48  8:25  Probe (Chrono Boost)  
  51  8:28  Dark Templar  
  53  8:36  Zealot x2  
  53  8:40  Charge (Chrono Boost)  
  57  8:49  Mothership Core, Probe  
  57  8:53  Adept x2  
  62  9:15  Pylon  
  62  9:16  Zealot  
  64  9:17  Zealot x2  
  64  9:18  Pylon  
  64  9:19  Zealot x2  
  64  9:22  Probe  
  64  9:23  Probe  
  74  9:34  Probe  
  75  9:40  Templar Archives  
  75  9:41  Adept x2  
  75  9:43  Zealot  
  77  9:53  Sentry x3  
  81  10:05  Stalker  
  81  10:06  Stalker  
  69  10:18  Dark Templar x2  
  69  10:19  Dark Templar  
  71  10:27  Stalker  
  69  10:36  Stalker  
  69  10:37  Stalker  
  69  10:42  Probe  
Tags
 
Add a new tag
Caveats
  • Supply blocks, unpowered buildings, or Contaminate may cause inaccurate times.
  • Supply counts are checked every 10 seconds.